 Dungeon Crawl Stone Soup version 0.24.0-29-g8ce449bc06 (webtiles) character file.

Game seed: 4871438266926066699, levelgen mode: deterministic

12 Esekla the Stinger (level 2, 0/21 HPs)
             Began as a Demonspawn Wanderer on Nov 16, 2019.
             Slain by an ice beast (9 damage)
             ... on level 1 of the Dungeon.
             The game lasted 00:06:37 (758 turns).

Esekla the Stinger (Demonspawn Wanderer)             Turns: 758, Time: 00:06:38

Health: 0/21       AC:  4    Str: 11    XL:     2   Next: 20%
Magic:  5/5        EV: 11    Int: 15    God:
Gold:   69         SH:  0    Dex: 11    Spells: 3/5 levels left

rFire    . . .     SeeInvis .   h - +2 dagger (venom)
rCold    . . .     Gourm    .   (no shield)
rNeg     . . .     Faith    .   c - +0 robe
rPois    .         Spirit   .   (no helmet)
rElec    .         Reflect  .   (no cloak)
rCorr    .         Harm     .   (no gloves)
MR       .....                  (no boots)
Stlth    +.........             (no amulet)
HPRegen  0.07/turn              (no ring)
MPRegen  0.09/turn              (no ring)

@: no status effects
A: slimy green scales 1
a: no special abilities


You were on level 1 of the Dungeon.
You were not hungry.

You visited 1 branch of the dungeon, and saw 2 of its levels.

You collected 69 gold pieces.

Inventory:

Hand Weapons
 h - a +2 dagger of venom (weapon)
Armour
 c - a +0 robe (worn)
Scrolls
 f - a scroll of enchant armour {unknown}
 g - a scroll of fog {unknown}
 i - a scroll of teleportation {unknown}
 k - a scroll of random uselessness {unknown}
 l - a scroll of noise {unknown}
Potions
 a - 2 potions of might {unknown}
 b - a potion of haste {unknown}
 j - 2 potions of magic {unknown}
Comestibles
 d - 2 rations


   Skills:
 + Level 1.0 Fighting
   Level 1.7 Maces & Flails
 - Level 1.0 Stealth
   Level 1.0 Shields
 * Level 2.3 Spellcasting
 + Level 3.4 Poison Magic


You had 3 spell levels left.
You knew the following spells:

 Your Spells              Type           Power        Failure   Level  Hunger
v - Poisonous Vapours     Pois/Air       #.....       16%         2    ###....

Your spell library contained the following spells:

 Spells                   Type           Power        Failure   Level  Hunger
 Sting                    Conj/Pois      #...         11%         1    #......
 Mephitic Cloud           Conj/Pois/Air  #.......     38%         3    ###....
 Olgreb's Toxic Radiance  Pois           ##......     45%         4    #####..
 Venom Bolt               Conj/Pois      #.........   96%         5    ######.


Dungeon Overview and Level Annotations

Branches:
Dungeon (2/15)

Altars:


Innate Abilities, Weirdness & Mutations

You are partially covered in slimy green scales. (AC +2)


Message History

You kill the rat!
You see here a rat corpse.
j - 2 purple potions (gained 1)
You see here a rat corpse.
An ice beast comes into view.
You see here 29 bolts.
There is a stone staircase leading up here.
The ice beast hits you but does no damage.
You climb upwards.
There is a stone staircase leading down here.
Okay, then.
Okay, then.
As you read the scroll labeled CASUZE ULUU, it crumbles to dust.
It is a scroll of amnesia.
Forget Sting, freeing 1 spell level for a total of 3?
Your memory of Sting unravels.
The ice beast hits you. The ice beast freezes you.
You stop training Conjurations.
You aren't carrying any pieces of jewellery.
The ice beast hits you. The ice beast freezes you!
You die...

######## #....)).
###########.######
#..>..............
#.................
#@Y.###.###.######
#...# #.###+###
#...# #........
#...# #........
#...# #........
#...# #........
#...# #........
#...# #.###+###
#...# #.#


You could see an ice beast.

Vanquished Creatures
  4 bats (D:1)
  A giant cockroach (D:2)
  A hobgoblin (D:1)
  A frilled lizard (D:1)
  A goblin (D:1)
  2 kobolds (D:1)
  5 rats
15 creatures vanquished.

Notes
Turn   | Place    | Note
-------+----------+-------------------------------------------
     0 | D:1      | Esekla the Demonspawn Wanderer began the quest for the Orb.
     0 | D:1      | Esekla set off with the following items: a +0 mace, a +0
                  | robe, a ration; and the following spell memorised: Sting;
                  | and the following spells available to memorise: Poisonous
                  | Vapours, Mephitic Cloud, Olgreb's Toxic Radiance, Venom
                  | Bolt
     0 | D:1      | Reached XP level 1. HP: 15/15 MP: 3/3
   481 | D:1      | Gained mutation: You are partially covered in slimy green
                  | scales. (AC +2) [demonic ancestry]
   481 | D:1      | Reached XP level 2. HP: 21/21 MP: 3/5
   496 | D:1      | Learned a level 2 spell: Poisonous Vapours
   744 | D:2      | Noticed an ice beast
   758 | D:1      | Slain by an ice beast

Levels and vault maps discovered:
D:1:      saegor_arrival_simple_e, layout_basic
D:2:      layout_basic, overflow_temple_1_default, uniq_sigmund

Action                   || total
-------------------------++-------
Melee: Mace              ||     9
       Short sword       ||     4
 Cast: Sting             ||    15
       Poisonous Vapours ||     3
  Use: Scroll            ||     1
 Stab: Sleeping          ||     1
Armor: Robe              ||     4
Dodge: Dodged            ||    13
